 Dungeon Crawl Stone Soup version 0.19.0-9-gfd783f2 (webtiles) character file.

31 mistymad the Ruffian (level 3, -4/31 HPs)
             Began as a Naga Transmuter on Nov 7, 2016.
             Slain by a goblin
             ... wielding a +0 dagger
              (6 damage)
             ... on level 2 of the Dungeon.
             The game lasted 00:02:20 (1395 turns).

mistymad the Ruffian (Naga Transmuter)              Turns: 1395, Time: 00:02:21

Health: -4/31      AC:  2    Str: 12    XL:     3   Next: 22%
Magic:  5/6        EV: 10    Int: 14    God:
Gold:   42         SH:  0    Dex: 14    Spells: 1 memorised, 5 levels left

rFire  . . .     SeeInvis +       - Unarmed
rCold  . . .     Gourm    .     b - +0 robe
rNeg   . . .     Faith    .     (no shield)
rPois  +         Spirit   .     (no helmet)
rElec  .         Reflect  .     (no cloak)
rCorr  .         Harm     .     (no gloves)
MR     .....                    (no barding)
Stlth  +.........               (no amulet)
                                (no ring)
                                m - +3 ring of dexterity

@: appendage (expiring), very slow
A: horns 2, see invisible, deformed body, poison resistance, slowness 2, slow
metabolism 1, spit poison 1, AC +1
a: Spit Poison, End Transformation


You were on level 2 of the Dungeon.
You were not hungry.
You had grown temporary horns.
You visited 1 branch of the dungeon, and saw 2 of its levels.

You collected 42 gold pieces.

Inventory:

Missiles
 a - 12 arrows
Armour
 b - a +0 robe (worn)
 n - a +0 shield
Jewellery
 m - a +3 ring of dexterity (left hand)
Potions
 e - a potion of degeneration {unknown}
 f - 2 potions of invisibility {unknown}
 h - a potion of lignification {unknown}
 l - a potion of flight {unknown}
Books
 c - a book of Changes

   Spells                             Type                      Level
   a - Beastly Appendage              Transmutation                1
   b - Sticks to Snakes               Transmutation                2
   c - Spider Form                    Transmutation/Poison         3
   d - Ice Form                       Ice/Transmutation            4
   e - Blade Hands                    Transmutation                5
Comestibles
 d - 2 bread rations
 k - a royal jelly


   Skills:
 - Level 1.0 Fighting
 - Level 1.5 Dodging
 + Level 3.5 Unarmed Combat
 + Level 2.1 Spellcasting
 + Level 2.9 Transmutations


You had 5 spell levels left.
You knew the following spells:

 Your Spells              Type           Power        Failure   Level  Hunger
a - Beastly Appendage     Tmut           #.....       10%         1    ##.....


Dungeon Overview and Level Annotations

Branches:
Dungeon (2/15)

Altars:

Annotations:
D:2 Robin


Innate Abilities, Weirdness & Mutations

You cannot wear boots.
Your serpentine skin is tough. (AC +1)
You have supernaturally acute eyesight. (SInv)
Armour fits poorly on your strangely shaped body.
Your system is resistant to poisons. (rPois)
You cover ground very slowly.
You have a slow metabolism.
You can spit poison.
You have a pair of horns on your head.


Message History

You hit the goblin.
You kill the goblin!
The goblin closely misses you.
You hit the goblin.
The goblin is moderately wounded.
The goblin barely misses you. The goblin hits you with a club.
* * * LOW HITPOINT WARNING * * *
A hobgoblin comes into view. It is wielding a club.
You take 1 damage, and have 2/31 hp.
The hobgoblin shouts!
You hit the goblin.
You kill the goblin!
Robin throws the goblin at you!
Your magical contamination has completely faded away.
Unknown command.
You hit the goblin. Your headbutt misses the goblin.
The goblin is almost dead.
Your transformation is almost over.
The goblin hits you with a dagger.
You die...

*,,*,,,,#g...##)#####
*,,*,,*#g###.##.#
*,,,,,..,* #.##(#
*,**,.#*** #.##(#
*,**,,* #.##.#
*,**,,* #.##.#
*,**,,*** #.*#)#
**,,,,,,,####.##g#
,,,,,,,,,gg.gggg@#
*********#########


You could see Robin, 2 hobgoblins and 4 goblins.

Vanquished Creatures
  A ball python (D:1)
  5 bats
  3 giant cockroaches (D:1)
  7 goblins
  A hobgoblin (D:1)
  3 jackals (D:1)
  4 frilled lizards
  2 kobolds (D:1)
26 creatures vanquished.

Notes
Turn   | Place    | Note
-------+----------+-------------------------------------------
     0 | D:1      | mistymad the Naga Transmuter began the quest for the Orb.
     0 | D:1      | Reached XP level 1. HP: 18/18 MP: 3/3
   454 | D:1      | Reached XP level 2. HP: 24/25 MP: 3/5
  1347 | D:2      | Reached XP level 3. HP: 26/31 MP: 6/6
  1369 | D:2      | Noticed Robin
  1395 | D:2      | Slain by a goblin

Action                   || total
-------------------------++-------
Melee: Unarmed           ||    87
       Headbutt          ||     3
 Cast: Beastly Appendage ||    16
 Abil: Spit Poison       ||     5
  Use: Scroll            ||     2
 Stab: Sleeping          ||     1
  Eat: Chunk             ||     1
Armor: Robe              ||    37
Dodge: Dodged            ||    81
